BSA
SO CAL HENVY @ SEATTLE PIKES
04/16/2027
 
TOP OF THE 1ST
So Cal Henvy batting - Pitching for Seattle Pikes : LHP David Hill
Pitching: LHP David Hill
Batting: LHB José Antonio Santiago 0-0: Foul Ball, location: 2F
0-1: Foul Ball, location: 2F
0-2: Ball
1-2: Ball
2-2: Ground out U3 (Groundball, 34)
Batting: RHB William Richardson 0-0: Called Strike
0-1: Called Strike
0-2: Ball
1-2: Strikes out swinging
Batting: LHB César Valentín 0-0: Ball
1-0: Called Strike
1-1: Foul Ball, location: 2F
1-2: Ball
2-2: Fly out, F7 (Flyball, 7LS)
Top of the 1st over - 0 run(s), 0 hit(s), 0 error(s), 0 left on base; So Cal 0 - Seattle 0
BOTTOM OF THE 1ST
Seattle Pikes batting - Pitching for So Cal Henvy : RHP Flint Gray
Pitching: RHP Flint Gray
Batting: RHB Pete Rideout 0-0: Called Strike
0-1: Ball
1-1: Ball
2-1: SINGLE (Flyball, 89S)
Batting: RHB Wallace Greene 0-0: Ball
1-0: Ball
2-0: Foul Ball, location: 2F
2-1: Fly out, F7 (Line Drive, 7)
Batting: LHB Richard Hunter 0-0: SINGLE (Flyball, 8RS)
Pete Rideout to second
Pete Rideout to third
Batting: RHB António Ortega 0-0: DOUBLE (Line Drive, 8RXD)
Pete Rideout scores
Richard Hunter to third
Batting: RHB Randy Sheppard 0-0: Ball
1-0: Called Strike
1-1: SINGLE (Groundball, 34D)
Richard Hunter scores
António Ortega to third
Batting: SHB António Hernández 0-0: Ball
1-0: Ball
2-0: Swinging Strike
2-1: Called Strike
2-2: Foul Ball, location: 2F
2-2: SINGLE (Line Drive, 7LS)
António Ortega scores
Randy Sheppard to second
Batting: RHB Iván Gonzáles 0-0: Called Strike
0-1: Ball
1-1: Swinging Strike
1-2: Ball
2-2: Strikes out swinging
Batting: LHB Keith Tillman 0-0: Ball
1-0: Ball
2-0: Called Strike
2-1: Ball
3-1: Base on Balls
Randy Sheppard to third
António Hernández to second
Batting: LHB Jesús Núńez 0-0: Foul Ball, location: 2F
0-1: SINGLE (Line Drive, 89M)
Randy Sheppard scores
António Hernández to third
Keith Tillman to second
Runner from 3rd tries for Home, throw and OUT!
Bottom of the 1st over - 4 run(s), 6 hit(s), 0 error(s), 2 left on base; So Cal 0 - Seattle 4
TOP OF THE 2ND
So Cal Henvy batting - Pitching for Seattle Pikes : LHP David Hill
Batting: RHB Earl Wiggins 0-0: Called Strike
0-1: Foul Ball, location: 2F
0-2: Ball
1-2: Foul Ball, location: 2F
1-2: Ball
2-2: Strikes out looking
Batting: RHB Rubén Calderón 0-0: SINGLE (Line Drive, 8LS)
Batting: RHB Lawrence Schroeder 0-0: Ball
1-0: Ball
2-0: Ball
3-0: DOUBLE (Groundball, 5L)
Rubén Calderón to third
Batting: SHB Miguel González 0-0: Ball
1-0: Ball
2-0: Called Strike
2-1: Swinging Strike
2-2: Ball
3-2: Base on Balls
Batting: LHB Jeff Carter 0-0: Ball
1-0: Called Strike
1-1: Foul Ball, location: 2F
1-2: Foul Ball, location: 2F
1-2: Strikes out looking
Batting: RHB Morgan Gibbon 0-0: Ball
1-0: Ball
2-0: Foul Ball, location: 2F
2-1: Ball
3-1: Base on Balls
Rubén Calderón scores
Lawrence Schroeder to third
Miguel González to second
Batting: LHB José Antonio Santiago 0-0: Foul Ball, location: 2F
0-1: Ground out 5-3 (Groundball, 56S)
Top of the 2nd over - 1 run(s), 2 hit(s), 0 error(s), 3 left on base; So Cal 1 - Seattle 4
BOTTOM OF THE 2ND
Seattle Pikes batting - Pitching for So Cal Henvy : RHP Flint Gray
Batting: RHB Pete Rideout 0-0: Ball
1-0: Called Strike
1-1: Ground out 5-3 (Groundball, 56)
Batting: RHB Wallace Greene 0-0: Ball
1-0: Ground out 5-3 (Groundball, 5)
Batting: LHB Richard Hunter 0-0: Ball
1-0: Ball
2-0: Swinging Strike
2-1: Foul Ball, location: 2F
2-2: Ball
3-2: Foul Ball, location: 2F
3-2: Base on Balls
Batting: RHB António Ortega 0-0: Called Strike
0-1: Ball
1-1: Ball
2-1: Ball
3-1: Fly out, F3 (Flyball, 3DF)
Bottom of the 2nd over - 0 run(s), 0 hit(s), 0 error(s), 1 left on base; So Cal 1 - Seattle 4
TOP OF THE 3RD
So Cal Henvy batting - Pitching for Seattle Pikes : LHP David Hill
Batting: RHB William Richardson 0-0: Foul Ball, location: 2F
0-1: Ball
1-1: Called Strike
1-2: Ball
2-2: Ball
3-2: TRIPLE (Flyball, 89D)
Batting: LHB César Valentín 0-0: Foul Ball, location: 2F
0-1: Ball
1-1: Ball
2-1: Called Strike
2-2: DOUBLE (Flyball, 78XD)
William Richardson scores
Batting: RHB Earl Wiggins 0-0: DOUBLE (Line Drive, 8LXD)
César Valentín scores
Batting: RHB Rubén Calderón 0-0: Ball
1-0: Ball
2-0: Foul Ball, location: 2F
2-1: Called Strike
2-2: Foul Ball, location: 2F
2-2: Strikes out swinging
Batting: RHB Lawrence Schroeder 0-0: Ball
1-0: Ball
2-0: Fly out, F9 (Flyball, 9)
Batting: SHB Miguel González 0-0: Ball
1-0: Ball
2-0: Called Strike
2-1: Swinging Strike
2-2: Ball
3-2: Base on Balls
Batting: LHB Jeff Carter 0-0: Called Strike
0-1: Ball
1-1: Foul Ball, location: 2F
1-2: Strikes out swinging
Top of the 3rd over - 2 run(s), 3 hit(s), 0 error(s), 2 left on base; So Cal 3 - Seattle 4
BOTTOM OF THE 3RD
Seattle Pikes batting - Pitching for So Cal Henvy : RHP Flint Gray
Batting: RHB Randy Sheppard 0-0: Called Strike
0-1: Foul Ball, location: 2F
0-2: Ball
1-2: Foul Ball, location: 2F
1-2: Strikes out swinging
Batting: SHB António Hernández 0-0: Called Strike
0-1: Fly out, F7 (Flyball, 7S)
Batting: RHB Iván Gonzáles 0-0: Called Strike
0-1: Ground out 6-3 (Groundball, 6)
Bottom of the 3rd over - 0 run(s), 0 hit(s), 0 error(s), 0 left on base; So Cal 3 - Seattle 4
TOP OF THE 4TH
So Cal Henvy batting - Pitching for Seattle Pikes : LHP David Hill
Batting: RHB Morgan Gibbon 0-0: Called Strike
0-1: Fly out, F9 (Flyball, 9LMF)
Batting: LHB José Antonio Santiago 0-0: Called Strike
0-1: Ball
1-1: SINGLE (Groundball, 34D)
Batting: RHB William Richardson 0-0: Ball
Wild Pitch!
José Antonio Santiago to second
1-0: Called Strike
1-1: Called Strike
1-2: Foul Ball, location: 2F
1-2: Ball
2-2: Ball
3-2: Foul Ball, location: 2F
3-2: Base on Balls
Batting: LHB César Valentín 0-0: Swinging Strike
0-1: DOUBLE (Line Drive, 78D)
José Antonio Santiago scores
William Richardson to third
Pinch Runner at 2nd Greg Handrahan:
Batting: RHB Earl Wiggins 0-0: Ball
1-0: Ball
2-0: Fly out, F7 (Flyball, 7LM)
Runner from 3rd tags up, SCORES, throw made
Batting: RHB Rubén Calderón 0-0: Ball
1-0: Foul Ball, location: 2F
1-1: SINGLE (Flyball, 9S)
Greg Handrahan to third
Runner from 3rd tries for Home, SAFE, no throw
Pitching: RHP Ernesto Beltrán
Batting: RHB Lawrence Schroeder 0-0: Ball
Rubén Calderón is caught stealing 2nd base
Top of the 4th over - 3 run(s), 3 hit(s), 0 error(s), 0 left on base; So Cal 6 - Seattle 4
BOTTOM OF THE 4TH
Seattle Pikes batting - Pitching for So Cal Henvy : RHP Flint Gray
Now in RF: Greg Handrahan
Batting: LHB Keith Tillman 0-0: Ball
1-0: Ball
2-0: SINGLE (Line Drive, 8LS)
Batting: LHB Jesús Núńez 0-0: Ball
1-0: DOUBLE (Line Drive, 89M)
Keith Tillman to third
Batting: RHB Pete Rideout 0-0: Fly out, F2 (Popup, 2R)
Batting: RHB Wallace Greene 0-0: Foul Ball, location: 2F
0-1: SINGLE (Line Drive, 34D)
Keith Tillman scores
Jesús Núńez to third
Runner from 3rd tries for Home, SAFE, no throw
Batting: LHB Richard Hunter 0-0: 2-RUN HOME RUN (Flyball, 89XD), Distance : 437 ft
Pitching: RHP Jim Nelson
Batting: RHB António Ortega 0-0: Swinging Strike
0-1: Ball
1-1: Ball
2-1: Foul Ball, location: 2F
2-2: Ball
3-2: Strikes out swinging
Batting: RHB Randy Sheppard 0-0: Called Strike
0-1: Ball
1-1: Foul Ball, location: 2F
1-2: Ground out 6-3 (Groundball, 56)
Bottom of the 4th over - 4 run(s), 4 hit(s), 0 error(s), 0 left on base; So Cal 6 - Seattle 8
TOP OF THE 5TH
So Cal Henvy batting - Pitching for Seattle Pikes : RHP Ernesto Beltrán
Batting: RHB Lawrence Schroeder 0-0: Called Strike
0-1: Fly out, F8 (Flyball, 8RXD)
Batting: SHB Miguel González 0-0: Ground out U3 (Groundball, 34)
Batting: LHB Jeff Carter 0-0: Called Strike
0-1: Foul Ball, location: 2F
0-2: Strikes out swinging
Top of the 5th over - 0 run(s), 0 hit(s), 0 error(s), 0 left on base; So Cal 6 - Seattle 8
BOTTOM OF THE 5TH
Seattle Pikes batting - Pitching for So Cal Henvy : RHP Jim Nelson
Batting: SHB António Hernández 0-0: Called Strike
0-1: Ball
1-1: Foul Ball, location: 2F
1-2: Ball
2-2: Ground out 4-3 (Groundball, 4)
Batting: RHB Iván Gonzáles 0-0: Ball
1-0: Foul Ball, location: 2F
1-1: Ball
2-1: Called Strike
2-2: Ball
3-2: Strikes out swinging
Batting: LHB Keith Tillman 0-0: Called Strike
0-1: Ball
1-1: Foul Ball, location: 2F
1-2: Ground out 3-1 (Groundball, 34S)
Bottom of the 5th over - 0 run(s), 0 hit(s), 0 error(s), 0 left on base; So Cal 6 - Seattle 8
TOP OF THE 6TH
So Cal Henvy batting - Pitching for Seattle Pikes : RHP Ernesto Beltrán
Batting: RHB Morgan Gibbon 0-0: Ball
1-0: Ball
2-0: Foul Ball, location: 2F
2-1: Swinging Strike
2-2: Foul Ball, location: 2F
2-2: Ball
3-2: Base on Balls
Batting: LHB José Antonio Santiago 0-0: Called Strike
0-1: Foul Ball, location: 2F
0-2: Ball
1-2: Strikes out swinging
Batting: RHB William Richardson 0-0: Ball
1-0: Fly out, F4 (Flyball, 34D)
Batting: RHB Greg Handrahan 0-0: Ball
1-0: Fielders Choice at 2nd, 6-4 (Groundball, 56)
Top of the 6th over - 0 run(s), 0 hit(s), 0 error(s), 0 left on base; So Cal 6 - Seattle 8
BOTTOM OF THE 6TH
Seattle Pikes batting - Pitching for So Cal Henvy : RHP Jim Nelson
Batting: LHB Jesús Núńez 0-0: Ball
1-0: Called Strike
1-1: Ball
2-1: Foul Ball, location: 2F
2-2: Ball
3-2: Strikes out swinging
Batting: RHB Pete Rideout 0-0: Foul Ball, location: 2F
0-1: Ball
1-1: Fly out, F4 (Line Drive, 4M)
Batting: RHB Wallace Greene 0-0: Ball
1-0: Ball
2-0: Foul Ball, location: 2F
2-1: Ground out 6-3 (Groundball, 6)
Bottom of the 6th over - 0 run(s), 0 hit(s), 0 error(s), 0 left on base; So Cal 6 - Seattle 8
TOP OF THE 7TH
So Cal Henvy batting - Pitching for Seattle Pikes : RHP Ernesto Beltrán
Batting: RHB Earl Wiggins 0-0: Ball
1-0: Called Strike
1-1: Ball
2-1: Ground out 4-3 (Groundball, 4)
Batting: RHB Rubén Calderón 0-0: Swinging Strike
0-1: Ball
1-1: Swinging Strike
1-2: Ball
2-2: Ball
3-2: Foul Ball, location: 2F
3-2: Base on Balls
Batting: RHB Lawrence Schroeder 0-0: SINGLE (Groundball, 6D)
Rubén Calderón to second
Batting: SHB Miguel González 0-0: Ball
1-0: Swinging Strike
1-1: Ball
Wild Pitch!
Rubén Calderón to third
Lawrence Schroeder to second
2-1: Swinging Strike
2-2: 3-RUN HOME RUN (Flyball, 89XD), Distance : 441 ft
Pitching: LHP Manny Sandoval
Batting: LHB Jeff Carter 0-0: Fly out, F9 (Flyball, 9D)
Batting: RHB Morgan Gibbon 0-0: Ball
1-0: Ball
2-0: Fly out, F8 (Flyball, 8LM)
Top of the 7th over - 3 run(s), 2 hit(s), 0 error(s), 0 left on base; So Cal 9 - Seattle 8
BOTTOM OF THE 7TH
Seattle Pikes batting - Pitching for So Cal Henvy : RHP Jim Nelson
Batting: LHB Richard Hunter 0-0: Fly out, F8 (Flyball, 8RS)
Batting: RHB António Ortega 0-0: Ball
1-0: Ball
2-0: Called Strike
2-1: Swinging Strike
2-2: Strikes out looking
Batting: RHB Randy Sheppard 0-0: Called Strike
0-1: Swinging Strike
0-2: Ground out 6-3 (Groundball, 6)
Bottom of the 7th over - 0 run(s), 0 hit(s), 0 error(s), 0 left on base; So Cal 9 - Seattle 8
TOP OF THE 8TH
So Cal Henvy batting - Pitching for Seattle Pikes : LHP Manny Sandoval
Batting: LHB José Antonio Santiago 0-0: Called Strike
0-1: Ball
1-1: Ball
2-1: Fly out, F7 (Flyball, 7)
Batting: RHB William Richardson 0-0: Ball
1-0: Ball
2-0: Foul Ball, location: 2F
2-1: Called Strike
2-2: Foul Ball, location: 2F
2-2: Ball
3-2: Ground out 4-3 (Groundball, 34)
Batting: RHB Greg Handrahan 0-0: Fly out, F8 (Flyball, 8RM)
Top of the 8th over - 0 run(s), 0 hit(s), 0 error(s), 0 left on base; So Cal 9 - Seattle 8
BOTTOM OF THE 8TH
Seattle Pikes batting - Pitching for So Cal Henvy : RHP Jim Nelson
Pitching: RHP Alejandro Méndez
Batting: SHB António Hernández 0-0: Swinging Strike
0-1: Ball
1-1: Ball
2-1: Foul Ball, location: 2F
2-2: Ball
3-2: Strikes out swinging
Batting: RHB Iván Gonzáles 0-0: Foul Ball, location: 2F
0-1: Ground out 6-3 (Groundball, 56D)
Pitching: LHP Tomás Fajardo
Batting: LHB Keith Tillman 0-0: Called Strike
0-1: Ball
1-1: SINGLE (Groundball, 34D)
Pinch Hitting: RHB Tae-kwon Kwon 0-0: Ball
1-0: Foul Ball, location: 2F
1-1: Ball
2-1: Swinging Strike
2-2: Ball
3-2: Foul Ball, location: 2F
3-2: Reached on error, E6 (Groundball, 56)
Keith Tillman to second
Pitching: RHP Yin-zhen Zong
Batting: RHB Pete Rideout 0-0: Ball
1-0: Ball
2-0: SINGLE (Line Drive, 6D)
Keith Tillman to third
Tae-kwon Kwon to second
Runner from 3rd tries for Home, SAFE, no throw
Batting: RHB Wallace Greene 0-0: Ball
1-0: Called Strike
1-1: Foul Ball, location: 2F
1-2: Ball
2-2: Foul Ball, location: 2F
2-2: Ball
3-2: Strikes out swinging
Bottom of the 8th over - 1 run(s), 2 hit(s), 1 error(s), 2 left on base; So Cal 9 - Seattle 9
TOP OF THE 9TH
So Cal Henvy batting - Pitching for Seattle Pikes : LHP Manny Sandoval
Pitching: LHP Cristián Escobar
Now in LF: Manuel Rico
Batting: RHB Earl Wiggins 0-0: Called Strike
0-1: Ball
1-1: Ball
2-1: Fly out, F7 (Flyball, 7LMF)
Batting: RHB Rubén Calderón 0-0: Called Strike
0-1: Ball
1-1: Swinging Strike
1-2: Ground out 6-3 (Groundball, 6)
Batting: RHB Lawrence Schroeder 0-0: Ground out 4-3 (Groundball, 4)
Top of the 9th over - 0 run(s), 0 hit(s), 0 error(s), 0 left on base; So Cal 9 - Seattle 9
BOTTOM OF THE 9TH
Seattle Pikes batting - Pitching for So Cal Henvy : RHP Yin-zhen Zong
Batting: LHB Richard Hunter 0-0: Ball
1-0: Ground out U3 (Groundball, 3S)
Batting: RHB António Ortega 0-0: Ball
1-0: Called Strike
1-1: Ball
2-1: Ground out 3-1 (Groundball, 34)
Batting: RHB Randy Sheppard 0-0: Ball
1-0: Swinging Strike
1-1: Foul Ball, location: 2F
1-2: Strikes out looking
Bottom of the 9th over - 0 run(s), 0 hit(s), 0 error(s), 0 left on base; So Cal 9 - Seattle 9
TOP OF THE 10TH
So Cal Henvy batting - Pitching for Seattle Pikes : LHP Cristián Escobar
Batting: SHB Miguel González 0-0: Foul Ball, location: 2F
0-1: Ball
1-1: Foul Ball, location: 2F
1-2: Ball
2-2: Strikes out looking
Pinch Hitting: RHB Dexter Potter 0-0: Called Strike
0-1: Called Strike
0-2: Ball
1-2: Ball
2-2: DOUBLE (Flyball, 89XD)
Batting: RHB Morgan Gibbon 0-0: Ground out U3 (Groundball, 34)
Dexter Potter to third
Batting: LHB José Antonio Santiago 0-0: DOUBLE (Line Drive, 9LS)
Dexter Potter scores
Batting: RHB William Richardson 0-0: Foul Ball, location: 2F
0-1: Swinging Strike
0-2: Ball
1-2: Ball
2-2: Hit by Pitch
Batting: RHB Greg Handrahan 0-0: Called Strike
0-1: Ball
1-1: Foul Ball, location: 2F
1-2: Strikes out swinging
Top of the 10th over - 1 run(s), 2 hit(s), 0 error(s), 2 left on base; So Cal 10 - Seattle 9
BOTTOM OF THE 10TH
Seattle Pikes batting - Pitching for So Cal Henvy : RHP Yin-zhen Zong
Pitching: RHP Jerry Good
Now at 2B: Fernando Gálvez
Batting: SHB António Hernández 0-0: Swinging Strike
0-1: Ground out 2-3 (Groundball, 2L)
Batting: RHB Iván Gonzáles 0-0: Called Strike
0-1: Ball
1-1: Called Strike
1-2: Strikes out swinging
Batting: LHB Keith Tillman 0-0: Swinging Strike
0-1: Called Strike
0-2: Ball
1-2: Ball
2-2: Foul Ball, location: 2F
2-2: Foul Ball, location: 2F
2-2: Ground out 1-3 (Groundball, 13S)
Bottom of the 10th over - 0 run(s), 0 hit(s), 0 error(s), 0 left on base; So Cal 10 - Seattle 9
Thursday, March 30th, 2017 - OOTP Baseball 17.12 Build 75